 Dungeon Crawl Stone Soup version 0.27-a0-898-g810843a28d (webtiles) character file.

Game seed: 17867092798997835415

207 Lanoc the Ducker (level 5, -28/42 HPs)
             Began as a Vampire Monk on Apr 6, 2021.
             Was a Priest of Cheibriados.
             Annihilated by an ogre
             ... wielding a +0 giant club
              (33 damage)
             ... on level 3 of the Dungeon.
             The game lasted 00:02:35 (1926 turns).

Lanoc the Ducker (Vampire Monk)                     Turns: 1926, Time: 00:02:36

Health: -28/42     AC:  3    Str: 17    XL:     5   Next: 54%
Magic:  5/5        EV: 16    Int: 20    God:    Cheibriados [***...]
Gold:   82         SH:  0    Dex: 24    Spells: 4/4 levels left

rFire    . . .     SeeInvis +   a - +1 falchion
rCold    . . .     Faith    .   (no shield)
rNeg     . . .     Spirit   .   b - +0 robe
rPois    .         Reflect  .   (no helmet)
rElec    .         Harm     .   (no cloak)
rCorr    .         Rampage  .   e - +0 pair of gloves
Will     .....                  (no boots)
Stlth    +++.......             (no amulet)
HPRegen  0.34/turn              (no ring)
MPRegen  0.09/turn              (no ring)

@: regenerating quickly, very slow
A: alive, fangs 3, see invisible, unbreathing 1, vampiric 2
a: Exsanguinate, Renounce Religion, Bend Time, Temporal Distortion


You were on level 3 of the Dungeon.
You worshipped Cheibriados.
Cheibriados was most pleased with you.
You visited 1 branch of the dungeon, and saw 3 of its levels.

You collected 82 gold pieces.

Inventory:

Hand Weapons
 a - a +1 falchion (weapon)
Armour
 b - a +0 robe (worn)
 e - a +0 pair of gloves (worn)
Scrolls
 c - 2 scrolls of torment {unknown}
 d - a scroll of immolation {unknown}
 f - a scroll of teleportation
 g - a scroll of enchant armour {unknown}
 h - a scroll of identify


   Skills:
 + Level 4.0 Fighting
 - Level 4.2 Long Blades
 + Level 4.9 Dodging
 - Level 3.0 Stealth


You had 4 spell levels left.
You didn't know any spells.
Your spell library was empty.

Dungeon Overview and Level Annotations

Branches:
Dungeon (3/15)

Altars:
Cheibriados
Xom


Innate Abilities, Weirdness & Mutations

Your natural rate of healing is unusually fast.
You have razor-sharp teeth.
You have supernaturally acute eyesight. (SInv)
You can survive without breathing.
You are afflicted with vampirism and can become a bat while bloodless.


Message History

You hear an angry hiss.
The endoplasm closely misses you.
You hit the ogre but do no damage. The endoplasm closely misses you.
The ogre hits you with a +0 giant club!!
Ouch! That really hurt!
You are too injured to fight recklessly!
You are too injured to fight recklessly!
You are too injured to fight recklessly!
You are too injured to fight recklessly!
You are too injured to fight recklessly!
You are too injured to fight recklessly!
You are too injured to fight recklessly!
You are too injured to fight recklessly!
You are too injured to fight recklessly!
You are too injured to fight recklessly!
You are too injured to fight recklessly!
You are too injured to fight recklessly!
The endoplasm hits you but does no damage.
You hit the endoplasm but do no damage. The endoplasm hits you.
You hit the endoplasm but do no damage. The endoplasm misses you.
You riposte.
You hit the endoplasm.
The endoplasm is severely wounded.
You hit the endoplasm.
You kill the endoplasm!
Cheibriados appreciates the change of pace.
You hit the ogre.
The ogre is lightly wounded.
The ogre misses you.
You hit the ogre. You bite the ogre.
The ogre is moderately wounded.
The ogre barely misses you.
You hit the ogre.
The ogre is heavily wounded.
The ogre hits you with a +0 giant club!
* * * LOW HITPOINT WARNING * * *
You hit the ogre.
The ogre is severely wounded.
The ogre hits you with a +0 giant club!!
Ouch! That really hurt!
You die...

.......#.###..#§#§#
.......#...####§###
.......#.#.###§§§##
.......#.#.##§§§§§#
##.#####.#..##.§§##
#. #.##..##### .
#.###.....# . ..#
##....## ###
####@.# ##O#
#..S...# #......#
#......# #......#
#......# #......#
#......#


You could see an ogre and a ball python.

Vanquished Creatures
  Terence (D:2)
  Natasha (thrice) (D:2)
  4 adders
  2 worms (D:2)
  2 dart slugs
  5 endoplasms
  3 giant cockroaches
  3 goblins (D:2)
  7 hobgoblins
  6 jackals (D:2)
  8 kobolds
  2 quokkas (D:1)
  4 ball pythons
  3 bats (D:1)
  5 frilled lizards
  5 rats
63 creatures vanquished.

Notes
Turn   | Place    | Note
-------+----------+-------------------------------------------
     0 | D:1      | Lanoc the Vampire Monk began the quest for the Orb.
     0 | D:1      | Reached XP level 1. HP: 17/17 MP: 1/1
   261 | D:1      | Reached XP level 2. HP: 23/23 MP: 2/2
   999 | D:2      | Gained mutation: You are afflicted with vampirism and can
                  | become a bat while bloodless. [Vampire growth]
   999 | D:2      | Reached XP level 3. HP: 29/29 MP: 3/3
  1003 | D:2      | Noticed Terence
  1022 | D:2      | Killed Terence
  1147 | D:2      | Found a faded altar of an unknown god.
  1152 | D:2      | You fall into a shaft and drop 1 floor!
  1187 | D:2      | Reached XP level 4. HP: 18/35 MP: 4/4
  1230 | D:2      | Became a worshipper of Cheibriados the Contemplative
  1230 | D:2      | Reached * piety under Cheibriados
  1230 | D:2      | Reached ** piety under Cheibriados
  1398 | D:2      | Noticed Natasha
  1411 | D:2      | Killed Natasha
  1473 | D:2      | Noticed Natasha
  1482 | D:2      | Killed Natasha
  1483 | D:2      | Reached XP level 5. HP: 28/42 MP: 5/5
  1655 | D:2      | Reached *** piety under Cheibriados
  1728 | D:2      | Noticed Natasha
  1738 | D:2      | Killed Natasha
  1862 | D:3      | Found a large runed translucent door.
  1862 | D:3      | Found a large runed translucent door.
  1863 | D:3      | Found a shimmering altar of Xom.
  1916 | D:3      | Noticed an ogre
  1926 | D:3      | Annihilated by an ogre

Illustrated notes

Levels and vault maps discovered:
D:1:      minmay_arrival_four_houses, layout_basic
D:2:      layout_rooms, shapermc_ecumenical_altar_starsandcircs, uniq_natasha,
          uniq_terence
D:3:      due_chaos_kobolds, layout_basic, lemuel_tele_altar

Skill      XL: |  1  2  3  4  5 |
---------------+----------------+-----
Fighting       | 3 4 |  4.0
Long Blades    | 4 |  4.2
Dodging        | 4 |  4.9
Stealth        | |  3.0

Action                   |  1- 3 |  4- 6 || total
-------------------------+-------+-------++-------
Melee: Falchion          |    78 |    90 ||   168
       Bite              |     9 |    15 ||    24
  Use: Scroll            |     2 |       ||     2
       Potion            |     1 |       ||     1
 Stab: Sleeping          |     9 |     8 ||    17
Armor: Robe              |    15 |    14 ||    29
Dodge: Dodged            |    55 |    60 ||   115
       Rpst.: Falchion   |    19 |    22 ||    41

Table legend: (Time is in decaauts)
 A = Elapsed time spent in this place.
 B = Non-inter-level travel time spent in this place.
 C = Inter-level travel time spent in this place.
 D = Time resting spent in this place.
 E = Time spent auto-exploring this place.
 F = Levels seen in this place.
 G = Mean time per level.
                   A        B        C        D        E       F      G
               +--------+--------+--------+--------+--------+-----+--------+
         Total |   2196 |   2145 |     51 |      0 |   1656 |   3 |  732.0 |
       Dungeon |   2196 |   2145 |     51 |      0 |   1656 |   3 |  732.0 |
               +--------+--------+--------+--------+--------+-----+--------+

Top non-repeatable levels by time:
     D:2: 1061 daAuts
     D:1: 997 daAuts
     D:3: 137 daAuts
